 Dungeon Crawl Stone Soup version 0.31-a0-150-g89dc3ad700 (webtiles) character file.

Game seed: 9880697697004930134

18 Varyis the Conjurer (level 2, 0/4 (17) HPs)
             Began as a Tengu Reaver on June 8, 2023.
             Slain by a goblin
             ... wielding a +0 club
              (3 damage)
             ... on level 1 of the Dungeon.
             The game lasted 00:04:14 (451 turns).

Varyis the Conjurer (Tengu Reaver)                   Turns: 451, Time: 00:04:15

HP:   0/4 (17)      AC:  3    Str: 12    XL:     2   Next: 70%
MP:   4/6           EV: 12    Int: 13    God:
Gold: 29            SH:  0    Dex: 12    Spells: 4/5 levels left

rFire   . . .        a - +0 falchion
rCold   . . .        (no shield)
rNeg    . . .        b - +0 leather armour
rPois   .            (helmet restricted)
rElec   .            (no cloak)
rCorr   .            (no gloves)
SInv    .            (boots unavailable)
Will    .....        (no amulet)
Stlth   +            (no ring)
HPRegen 0.20/turn    (no ring)
MPRegen 0.10/turn

%: no passive effects
@: very slightly contaminated, extremely drained
A: beak, talons 3
a: no special abilities


You were on level 1 of the Dungeon.
You visited 1 branch of the dungeon, and saw 1 of its levels.

You collected 29 gold pieces.

Inventory:

Hand Weapons
 a - a +0 falchion (weapon)
 d - a +0 club
 f - a +0 sling
 h - a +0 dagger
 i - a +0 dagger
Armour
 b - a +0 leather armour (worn)
 e - a scarf of shadows
 j - a +0 scale mail
Potions
 c - 4 potions of curing {unknown}
 g - 2 potions of attraction {unknown}


   Skills:
 + Level 2.2 Fighting
 + Level 3.5 Long Blades
 + Level 2.4 Dodging
 + Level 2.0 Spellcasting
 + Level 4.4 Conjurations


You had 4 spell levels left.
You knew the following spells:

 Your Spells              Type           Power      Damage    Failure   Level
a - Kiss of Death         Conj/Necr      28%        2d7       13%         1

Your spell library contained the following spells:

 Spells                   Type           Power      Damage    Failure   Level
 Momentum Strike          Conj/Tloc      14%        3d8       19%         2
 Hailstorm                Conj/Ice       7%         3d4       36%         3
 Ensorcelled Hibernation  Hex/Ice        2%         N/A       43%         2
 Spider Form              Tmut/Pois      1%         N/A       67%         3
 Anguish                  Hex/Necr       0%         N/A       97%         4


Dungeon Overview and Level Annotations

Branches:
Dungeon (1/15)

Altars:


Innate Abilities, Weirdness & Mutations

You have a beak for a mouth.
You have claws for feet.


Message History

The bat hits you but does no damage. The bat barely misses you.
The bat closely misses you.
You hit the bat.
You kill the bat!
An endoplasm comes into view.
The endoplasm quivers.
The endoplasm freezes you.
You are frozen.
You hit the endoplasm but do no damage. You claw the endoplasm.
You kill the endoplasm!
A kobold comes into view. It is wielding a +0 whip.
Found 19 gold pieces.
Found a stone staircase leading down.
The kobold shouts!
The kobold throws a stone.
The stone hits you.
An endoplasm comes into view.
You see here 19 gold pieces.
The kobold throws a stone.
The stone hits you but does no damage.
A goblin comes into view. It is wielding a +0 club.
The goblin shouts!
The kobold throws a stone.
The stone hits you but does no damage.
You miscast Kiss of Death.
You are very lightly contaminated with residual magic.
Nothing appears to happen.
The endoplasm barely misses you. The endoplasm misses you.
The kobold throws a stone.
The stone closely misses you.
The negative energy hits the endoplasm!
The endoplasm is drained!
You kill the endoplasm!
You feel drained.
The kobold throws a stone.
The stone hits you but does no damage. The kobold barely misses you.
You closely miss the kobold. Your kick misses the kobold.
The kobold hits you with a +0 whip.
Ouch! That really hurt!
You are too injured to fight recklessly!
You are too injured to fight recklessly!
You hit the kobold.
You kill the kobold!
The goblin hits you with a +0 club.
Ouch! That really hurt!
You die...

### ..# #.# #.#
#)# ####
#########@##...##
..>.......g.....#
#......$.........
#.....###.##.....
#.... #.# ...##
#### #.# ..# #.#
.# #.# ## #.#


You could see a goblin.

Vanquished Creatures
  6 endoplasms (D:1)
  A giant cockroach (D:1)
  A goblin (D:1)
  2 hobgoblins (D:1)
  2 kobolds (D:1)
  3 bats (D:1)
  A frilled lizard (D:1)
16 creatures vanquished.

Notes
Turn   | Place    | Note
-------+----------+-------------------------------------------
     0 | D:1      | Varyis the Tengu Reaver began the quest for the Orb.
     0 | D:1      | Reached XP level 1. HP: 12/12 MP: 4/4
   114 | D:1      | Reached XP level 2. HP: 11/11 MP: 3/6
   451 | D:1      | Slain by a goblin

Illustrated notes

Levels and vault maps discovered:
D:1:      dpeg_arrival_boxorama, layout_basic,
          shapermc_ecumenical_altar_hornbeckon

Action                     || total
---------------------------++-------
  Melee: Falchion          ||    20
         Kick              ||     4
         Peck              ||     3
   Cast: Kiss of Death     ||     5
 Armour: Leather armour    ||     7
  Dodge: Dodged            ||    18

Table legend: (Time is in decaauts)
 A = Elapsed time spent in this place.
 B = Non-inter-level travel time spent in this place.
 C = Inter-level travel time spent in this place.
 D = Time resting spent in this place.
 E = Time spent auto-exploring this place.
 F = Levels seen in this place.
 G = Mean time per level.
                   A        B        C        D        E       F      G
               +--------+--------+--------+--------+--------+-----+--------+
         Total |    453 |    116 |    337 |      0 |     11 |   1 |  453.0 |
       Dungeon |    453 |    116 |    337 |      0 |     11 |   1 |  453.0 |
               +--------+--------+--------+--------+--------+-----+--------+

Top non-repeatable levels by time:
     D:1: 453 daAuts
